 Dungeon Crawl Stone Soup version 0.23.2-33-g5129a83184 (webtiles) character file.

Game seed: 9927647392631816092

982 DildoBatman the Conjurer (level 8, 0/52 HPs)
             Began as a Formicid Wizard on June 28, 2019.
             Was an Initiate of Kikubaaqudgha.
             Slain by Grinder (5 damage)
             ... on level 6 of the Dungeon.
             The game lasted 00:14:11 (4096 turns).

DildoBatman the Conjurer (Formicid Wizard)          Turns: 4096, Time: 00:14:11

Health: 0/52       AC:  7    Str: 12    XL:     8   Next: 40%
Magic:  24/30      EV: 10    Int: 20    God:    Kikubaaqudgha [......]
Gold:   234        SH:  0    Dex: 12    Spells: 6/13 levels left

rFire    . . .     SeeInvis +   b - +2 quarterstaff (crush)
rCold    + . .     Gourm    .   (no shield)
rNeg     . . .     Faith    .   H - +2 ring mail {rPois}
rPois    +         Spirit   .   (helmet unavailable)
rElec    .         Reflect  .   (no cloak)
rCorr    .         Harm     .   (no gloves)
MR       .....                  (no boots)
Stlth    ++........             (no amulet)
HPRegen  0.17/turn              w - ring of magical power
MPRegen  0.22/turn              F - ring of Oxigos {rC+ MP+9 Dex+3}

@: very slightly contaminated
A: permanent stasis, dig shafts and tunnels, four strong arms, antennae 3
a: Dig, Shaft Self, Renounce Religion


You were on level 6 of the Dungeon.
You worshipped Kikubaaqudgha.
Kikubaaqudgha was noncommittal.
You were not hungry.

You visited 2 branches of the dungeon, and saw 7 of its levels.

You collected 234 gold pieces.

Inventory:

Hand Weapons
 a - a +2 dagger of venom
 b - a +2 quarterstaff of crushing (weapon)
 e - a +0 halberd
Missiles
 c - 56 sling bullets
 l - 11 arrows
 q - 24 poisoned needles
 u - 118 stones (quivered)
 D - 14 bolts
Armour
 H - a +2 ring mail of poison resistance (worn)
Jewellery
 f - an uncursed ring of protection from fire
 n - an uncursed ring of wizardry
 w - a ring of magical power (left hand)
 y - a +1 ring of evasion
 F - the ring of Oxigos (right hand) {rC+ MP+9 Dex+3}
   (You found it on level 5 of the Dungeon)

   [ring of magical power]

   It affects your dexterity (+3).
   It protects you from cold.
   It affects your magic capacity (+9).
Wands
 r - a wand of acid (11)
 B - a wand of digging (7)
Scrolls
 d - a scroll of enchant armour {unknown}
 i - a scroll of fear {unknown}
 j - a scroll of immolation {unknown}
 o - 2 scrolls of blinking {unknown}
 p - 2 scrolls of teleportation {unknown}
 s - a scroll of random uselessness {unknown}
 x - a scroll of remove curse
 z - 2 scrolls of identify
 A - 4 scrolls of fog {unknown}
Potions
 g - a potion of resistance {unknown}
 h - a potion of agility {unknown}
 k - 3 potions of curing
 m - a potion of mutation {unknown}
 t - a potion of brilliance {unknown}
 C - a potion of invisibility {unknown}
 E - a potion of heal wounds {unknown}
Comestibles
 v - 10 rations


   Skills:
 - Level 2.0 Short Blades
 - Level 2.0 Staves
 - Level 1.7 Dodging
 * Level 4.4 Stealth
 - Level 3.2 Spellcasting
 * Level 4.9 Conjurations
   Level 1.0 Summonings
   Level 0.8 Translocations
 * Level 3.0 Fire Magic
 * Level 2.5 Air Magic
 * Level 4.2 Poison Magic


You had 6 spell levels left.
You knew the following spells:

 Your Spells              Type           Power        Failure   Level  Hunger
a - Conjure Flame         Conj/Fire      ###.....     19%         3    ###....
c - Magic Dart            Conj           ###.         4%          1    None
e - Mephitic Cloud        Conj/Pois/Air  ###.....     19%         3    ###....

Your spell library contained the following spells:

 Spells                   Type           Power        Failure   Level  Hunger
 Call Imp                 Summ           #.......     32%         2    ##.....
 Slow                     Hex            #.......     43%         2    ##.....
 Blink                    Tloc           Unusable     N/A         2    N/A

Dungeon Overview and Level Annotations

Branches:
Dungeon (6/15)             Temple (1/1) D:5

Altars:
Ashenzari
Cheibriados
Dithmenos
Elyvilon
Gozag
Hepliaklqana
Kikubaaqudgha
Makhleb
Nemelex Xobeh
Okawaru
Qazlal
Ru
Sif Muna
Trog
Uskayaw
Vehumet
Wu Jian
Xom
Yredelemnul
Zin
The Shining One

Annotations:
D:3 exclusion: sensed monster (detected)
D:4 Ijyb, Natasha, Sigmund
D:6 Grinder


Innate Abilities, Weirdness & Mutations

You cannot be hasted, slowed, berserked, paralysed or teleported.
You can dig through walls and to a lower floor.
Your four strong arms can wield two-handed weapons with a shield.
You have a pair of large antennae on your head. (SInv)


Message History

Confirm with . or Enter, or press ? or * to list all spells.
Aiming: Magic Dart (safe; 4% risk of failure)
Press: ? - help, Shift-Dir - straight line, f/p - Grinder
Aim: Grinder (lightly wounded)
You miscast Magic Dart.
You are very lightly contaminated with residual magic.
You feel a strange surge of energy! Grinder gestures at you.
You resist with some effort.
Casting: Magic Dart (safe; 4% risk of failure)
Confirm with . or Enter, or press ? or * to list all spells.
Aiming: Magic Dart (safe; 4% risk of failure)
Press: ? - help, Shift-Dir - straight line, f/p - Grinder
Aim: Grinder (lightly wounded)
The magic dart hits Grinder.
Grinder is lightly wounded.
Grinder hits you.
You writhe in agony.
You die...
Kikubaaqudgha rasps: "You have failed me!
Welcome... death!"

#....#####...#
#...#<..# ####
##...###
.....##...####
#..^......##...
##............. .
.......##.###### ...
##..#####...#####.....
#.# ###..)@5a..... #..
######...... ... .....
.# .....{ #...#o####
#.....<.# #.....#..#
#....o #.... #.....
####.


You could see Grinder and a worker ant.

Vanquished Creatures
  A phantom (D:5)
  2 ogres
  3 scorpions
  3 crimson imps
  2 orc priests
  5 orc wizards
  An iguana (D:5)
  5 worker ants
  7 gnolls
  2 adders (D:2)
  An ooze (D:3)
  An adder skeleton (D:6)
  4 worms (D:3)
  4 leopard geckos
  16 orcs
  A ball python (D:4)
  6 bats
  A giant cockroach (D:5)
  7 goblins
  5 hobgoblins
  7 jackals
  A quokka (D:4)
  2 frilled lizards
  A jackal skeleton (D:4)
  4 kobolds
  6 rats
98 creatures vanquished.

Notes
Turn   | Place    | Note
-------+----------+-------------------------------------------
     0 | D:1      | DildoBatman the Formicid Wizard began the quest for the
                  | Orb.
     0 | D:1      | Reached XP level 1. HP: 13/13 MP: 4/4
   112 | D:1      | Reached skill level 1 in Conjurations
   465 | D:1      | Reached XP level 2. HP: 16/19 MP: 1/6
   882 | D:2      | Reached skill level 1 in Short Blades
   992 | D:2      | Reached XP level 3. HP: 18/24 MP: 0/7
  1013 | D:2      | Learned a level 3 spell: Conjure Flame
  1017 | D:2      | Learned a level 3 spell: Mephitic Cloud
  1238 | D:2      | Reached XP level 4. HP: 13/30 MP: 2/8
  1881 | D:3      | Reached XP level 5. HP: 33/35 MP: 7/9
  2239 | D:3      | Reached skill level 1 in Poison Magic
  2239 | D:3      | Reached XP level 6. HP: 25/41 MP: 1/10
  2346 | D:3      | Reached skill level 1 in Fire Magic
  2349 | D:3      | Reached skill level 1 in Air Magic
  2590 | D:4      | Noticed Ijyb
  2712 | D:4      | Noticed a two-headed ogre
  3000 | D:4      | Reached XP level 7. HP: 38/46 MP: 11/11
  3036 | D:4      | Reached skill level 1 in Staves
  3143 | D:4      | Noticed Natasha
  3176 | D:4      | Noticed Sigmund
  3337 | D:5      | Entered Level 5 of the Dungeon
  3617 | D:5      | Reached XP level 8. HP: 52/52 MP: 6/12
  3646 | D:5      | Got a vibrating ivory ring
  3648 | D:5      | Identified the ring of Oxigos {rC+ MP+9 Dex+3} (You found
                  | it on level 5 of the Dungeon)
  3723 | D:5      | Found a staircase to the Ecumenical Temple.
  3751 | Temple   | Entered the Ecumenical Temple
  3836 | Temple   | Became a worshipper of Kikubaaqudgha
  4069 | D:6      | Noticed Grinder
  4096 | D:6      | Slain by Grinder

Skill      XL: |  1  2  3  4  5  6  7  8 |
---------------+-------------------------+-----
Conjurations   | 1 2 3 4 |  4.9
Short Blades   | 1 2 |  2.0
Poison Magic   | 1 2 3 4 |  4.2
Fire Magic     | 1 2 3 |  3.0
Air Magic      | 1 2 |  2.5
Stealth        | 3 4 |  4.4
Staves         | 2 |  2.0
Dodging        | |  1.7
Spellcasting   | |  3.2
Summonings     | |  1.0
Translocations | |  0.8

Action                   |  1- 3 |  4- 6 |  7- 9 || total
-------------------------+-------+-------+-------++-------
Melee: Dagger            |    42 |   120 |    67 ||   229
       Quarterstaff      |       |       |     9 ||     9
Throw: Stone             |     1 |       |       ||     1
 Cast: Magic Dart        |    44 |    22 |    54 ||   120
       Mephitic Cloud    |     1 |    12 |     9 ||    22
       Conjure Flame     |     1 |       |     2 ||     3
 Abil: Dig               |     1 |     5 |     3 ||     9
  Use: Scroll            |       |     3 |       ||     3
 Stab: Confused          |     1 |     4 |     2 ||     7
  Eat: Chunk             |     1 |     7 |     5 ||    13
Armor: Robe              |    11 |     7 |       ||    18
       Ring mail         |       |       |    12 ||    12
Dodge: Dodged            |    41 |    44 |    28 ||   113
